ITL
HAVANA ROLLERS @ TUSCALOOSA TROUT SLAYERS
04/20/2030
 
TOP OF THE 1ST
Havana Rollers batting - Pitching for Tuscaloosa Trout Slayers : RHP Alex Stanford
Pitching: RHP Alex Stanford
Batting: LHB Marvin Nichols 0-0: Ball
1-0: Ball
2-0: Ball
3-0: Called Strike
3-1: Base on Balls
Batting: RHB Paul Bailey 0-0: Ball
1-0: Called Strike
1-1: Foul Ball, location: 2F
1-2: Ball
2-2: Foul Ball, location: 2F
2-2: Foul Ball, location: 2F
2-2: Ball
3-2: Reached on error, E3 (Groundball, 34S)
Marvin Nichols to second
Batting: RHB Bill Little 0-0: Called Strike
Marvin Nichols is caught stealing 3rd base
0-1: Called Strike
0-2: Ball
1-2: Ball
2-2: 2-RUN HOME RUN (Flyball, 7D), Distance : 354 ft
Batting: RHB Soshu Nakamura 0-0: Foul Ball, location: 2F
0-1: Ground out 5-3 (Groundball, 56)
Batting: SHB Yasuhiro Ikarashi 0-0: Ball
1-0: DOUBLE (Line Drive, 8RXD)
Batting: LHB Jimmy Husted 0-0: Called Strike
0-1: 2-RUN HOME RUN (Flyball, 8RXD), Distance : 433 ft
Batting: LHB Shiro Ueno 0-0: Called Strike
0-1: Foul Ball, location: 2F
0-2: Ball
1-2: Foul Ball, location: 2F
1-2: Ball
2-2: Ball
3-2: Fly out, F7 (Flyball, 7LS)
Top of the 1st over - 4 runs, 3 hits, 1 error, 0 left on base; Havana 4 - Tuscaloosa 0
BOTTOM OF THE 1ST
Tuscaloosa Trout Slayers batting - Pitching for Havana Rollers : RHP Paço Boda
Pitching: RHP Paço Boda
Batting: LHB Manuel Ortega 0-0: Called Strike
0-1: Fly out, F8 (Flyball, 8LM)
Batting: RHB Pat Fullerton 0-0: Called Strike
0-1: Called Strike
0-2: SINGLE (Groundball, 6D)
Batting: LHB Marcos Villarreal 0-0: Ball
1-0: Ball
2-0: Ball
3-0: Base on Balls
Pat Fullerton to second
Batting: LHB Ed Hart 0-0: Ball
Wild Pitch!
Pat Fullerton to third
Marcos Villarreal to second
1-0: Ball
2-0: Ball
3-0: Base on Balls
Batting: RHB José Fernández 0-0: Foul Ball, location: 2F
0-1: Ball
1-1: Foul Ball, location: 2F
1-2: Ball
2-2: Foul Ball, location: 2F
2-2: Fly out, F9 (Line Drive, 9)
Runner from 3rd tags up, SCORES, no throw
Batting: RHB Juan Reyes 0-0: Ball
1-0: Foul Ball, location: 2F
1-1: Ball
2-1: Ball
Wild Pitch!
Marcos Villarreal to third
Ed Hart to second
3-1: Base on Balls
Batting: RHB Jason Saunders 0-0: Called Strike
0-1: Ball
1-1: Swinging Strike
1-2: SINGLE (Popup, 3D)
Marcos Villarreal scores
Ed Hart to third
Juan Reyes to second
Runner from 3rd tries for Home, SAFE, throw made home
Batting: RHB Greg Lee 0-0: Ball
1-0: Called Strike
1-1: SINGLE (Groundball, 34D)
Juan Reyes to third
Jason Saunders to second
Runner from 3rd tries for Home, SAFE, no throw
Batting: LHB Eddy Jefferson 0-0: Called Strike
0-1: Ball
1-1: Called Strike
1-2: Fielders Choice at 2nd, U4 (Groundball, 4M)
Bottom of the 1st over - 4 runs, 3 hits, 0 errors, 2 left on base; Havana 4 - Tuscaloosa 4
TOP OF THE 2ND
Havana Rollers batting - Pitching for Tuscaloosa Trout Slayers : RHP Alex Stanford
Batting: RHB Mitsuharu Matsumoto 0-0: Called Strike
0-1: Swinging Strike
0-2: Strikes out looking
Batting: RHB Ken MacDonald 0-0: Ball
1-0: Called Strike
1-1: Ball
2-1: Foul Ball, location: 2F
2-2: Strikes out swinging
Batting: LHB Marvin Nichols 0-0: Ball
1-0: Called Strike
1-1: Ball
2-1: Foul Ball, location: 2F
2-2: Ball
3-2: Strikes out swinging
Top of the 2nd over - 0 runs, 0 hits, 0 errors, 0 left on base; Havana 4 - Tuscaloosa 4
BOTTOM OF THE 2ND
Tuscaloosa Trout Slayers batting - Pitching for Havana Rollers : RHP Paço Boda
Batting: LHB Manuel Ortega 0-0: Called Strike
0-1: Swinging Strike
0-2: Ball
1-2: Ball
2-2: Strikes out looking
Batting: RHB Pat Fullerton 0-0: Ball
1-0: Called Strike
1-1: Ball
2-1: Ball
3-1: Base on Balls
Batting: LHB Marcos Villarreal 0-0: SINGLE (Groundball, 6MS) (infield hit)
Pat Fullerton to second
Batting: LHB Ed Hart 0-0: Called Strike
0-1: Ball
1-1: Ball
2-1: Ball
3-1: Foul Ball, location: 2F
3-2: Fly out, F7 (Flyball, 7S)
Batting: RHB José Fernández 0-0: Foul Ball, location: 2F
0-1: Fielders Choice at 2nd, 6-4 (Groundball, 6)
Bottom of the 2nd over - 0 runs, 1 hit, 0 errors, 2 left on base; Havana 4 - Tuscaloosa 4
TOP OF THE 3RD
Havana Rollers batting - Pitching for Tuscaloosa Trout Slayers : RHP Alex Stanford
Batting: RHB Paul Bailey 0-0: SINGLE (Line Drive, 9S)
Batting: RHB Bill Little 0-0: Swinging Strike
0-1: Ball
1-1: Ball
2-1: Ball
3-1: Foul Ball, location: 2F
3-2: Foul Ball, location: 2F
3-2: SINGLE (Groundball, 6MD)
Paul Bailey to second
Runner from 2nd tries for 3rd, SAFE, no throw
Batting: RHB Soshu Nakamura 0-0: Called Strike
0-1: Foul Ball, location: 2F
0-2: Foul Ball, location: 2F
0-2: Ball
1-2: Ball
2-2: Grounds into double play, 6-4-3 (Groundball, 6)
Paul Bailey scores
Batting: SHB Yasuhiro Ikarashi 0-0: Called Strike
0-1: Called Strike
0-2: Ball
1-2: Ball
2-2: Strikes out swinging
Top of the 3rd over - 1 run, 2 hits, 0 errors, 0 left on base; Havana 5 - Tuscaloosa 4
BOTTOM OF THE 3RD
Tuscaloosa Trout Slayers batting - Pitching for Havana Rollers : RHP Paço Boda
Batting: RHB Juan Reyes 0-0: Ground out 5-3 (Groundball, 56)
Batting: RHB Jason Saunders 0-0: SINGLE (Groundball, 6MD)
Batting: RHB Greg Lee 0-0: Foul Ball, location: 2F
0-1: Ball
1-1: Ground out 6-3 (Groundball, 56D)
Jason Saunders to second
Batting: LHB Eddy Jefferson 0-0: Fly out, F8 (Flyball, 8RD)
Bottom of the 3rd over - 0 runs, 1 hit, 0 errors, 1 left on base; Havana 5 - Tuscaloosa 4
TOP OF THE 4TH
Havana Rollers batting - Pitching for Tuscaloosa Trout Slayers : RHP Alex Stanford
Batting: LHB Jimmy Husted 0-0: Fly out, F7 (Flyball, 78M)
Batting: LHB Shiro Ueno 0-0: Ball
1-0: Called Strike
1-1: Foul Ball, location: 2F
1-2: Ball
2-2: Foul Ball, location: 2F
2-2: Ball
3-2: Strikes out swinging
Batting: RHB Mitsuharu Matsumoto 0-0: Ball
1-0: Ball
2-0: Foul Ball, location: 2F
2-1: Ball
3-1: Base on Balls
Batting: RHB Ken MacDonald 0-0: Ball
1-0: Ball
2-0: Called Strike
2-1: Ball
3-1: Foul Ball, location: 2F
3-2: Strikes out swinging
Top of the 4th over - 0 runs, 0 hits, 0 errors, 1 left on base; Havana 5 - Tuscaloosa 4
BOTTOM OF THE 4TH
Tuscaloosa Trout Slayers batting - Pitching for Havana Rollers : RHP Paço Boda
Batting: LHB Manuel Ortega 0-0: Foul Ball, location: 2F
0-1: Foul Ball, location: 2F
0-2: SOLO HOME RUN (Flyball, 9LD), Distance : 363 ft
Batting: RHB Pat Fullerton 0-0: Called Strike
0-1: Ball
1-1: Ground out 4-3 (Groundball, 4M)
Batting: LHB Marcos Villarreal 0-0: Ball
1-0: Swinging Strike
1-1: Foul Ball, location: 2F
1-2: Ball
2-2: Foul Ball, location: 2F
2-2: Ball
3-2: Base on Balls
Batting: LHB Ed Hart 0-0: Ball
1-0: Swinging Strike
1-1: Ball
2-1: Fly out, F7 (Line Drive, 7D)
Batting: RHB José Fernández 0-0: Called Strike
0-1: Called Strike
0-2: Strikes out swinging, 2-3 out at first.
Bottom of the 4th over - 1 run, 1 hit, 0 errors, 1 left on base; Havana 5 - Tuscaloosa 5
TOP OF THE 5TH
Havana Rollers batting - Pitching for Tuscaloosa Trout Slayers : RHP Alex Stanford
Batting: LHB Marvin Nichols 0-0: Ball
1-0: Ball
2-0: Called Strike
2-1: SINGLE (Flyball, 89M)
Batting: RHB Paul Bailey 0-0: Called Strike
0-1: Ball
1-1: Ball
2-1: Ball
3-1: Foul Ball, location: 2F
3-2: SINGLE (Groundball, 6) (infield hit)
Marvin Nichols to second
Batting: RHB Bill Little 0-0: Called Strike
0-1: Swinging Strike
0-2: Ball
1-2: Foul Ball, location: 2F
1-2: Ball
2-2: Ball
3-2: Fly out, F8 (Flyball, 89D)
Runner from 2nd tags up, SAFE at 3rd, no throw
Batting: RHB Soshu Nakamura 0-0: Foul Ball, location: 2F
0-1: Called Strike
0-2: 3-RUN HOME RUN (Flyball, 78XD), Distance : 386 ft
Batting: SHB Yasuhiro Ikarashi 0-0: Ball
1-0: Foul Ball, location: 2F
1-1: DOUBLE (Line Drive, 7LM)
Pitching: RHP Jimmy Bradley
Batting: LHB Jimmy Husted 0-0: SINGLE (Groundball, 56D)
Yasuhiro Ikarashi to third
Runner from 3rd tries for Home, throw and OUT!
Jimmy Husted to second
Batting: LHB Shiro Ueno 0-0: Ball
1-0: Ball
2-0: Fly out, F3 (Popup, 23F)
Top of the 5th over - 3 runs, 5 hits, 0 errors, 1 left on base; Havana 8 - Tuscaloosa 5
BOTTOM OF THE 5TH
Tuscaloosa Trout Slayers batting - Pitching for Havana Rollers : RHP Paço Boda
Batting: RHB Juan Reyes 0-0: Ball
1-0: Ball
2-0: Called Strike
2-1: DOUBLE (Flyball, 89XD)
Pinch Runner at 2nd Pedro Juárez:
Batting: RHB Jason Saunders 0-0: DOUBLE (Line Drive, 78D)
Pedro Juárez scores
Pitching: LHP Dave Miller
Batting: RHB Greg Lee 0-0: SINGLE (Line Drive, 89S)
Jason Saunders to third
Batting: LHB Eddy Jefferson 0-0: Ball
1-0: Ground out 6-3 (Groundball, 6)
Greg Lee to second
Batting: LHB Manuel Ortega 0-0: Foul Ball, location: 2F
0-1: Called Strike
0-2: Ball
1-2: Strikes out swinging
Batting: RHB Pat Fullerton 0-0: Called Strike
0-1: Ball
1-1: Called Strike
1-2: Foul Ball, location: 2F
1-2: Strikes out swinging
Bottom of the 5th over - 1 run, 3 hits, 0 errors, 2 left on base; Havana 8 - Tuscaloosa 6
TOP OF THE 6TH
Havana Rollers batting - Pitching for Tuscaloosa Trout Slayers : RHP Jimmy Bradley
Now at 3B: Pedro Juárez
Batting: RHB Mitsuharu Matsumoto 0-0: Ball
1-0: Called Strike
1-1: Foul Ball, location: 2F
1-2: Ball
2-2: Foul Ball, location: 2F
2-2: Fly out, F8 (Flyball, 8LM)
Batting: RHB Ken MacDonald 0-0: Called Strike
0-1: Foul Ball, location: 2F
0-2: Fly out, F8 (Line Drive, 8LD)
Batting: LHB Marvin Nichols 0-0: Ball
1-0: Ball
2-0: Called Strike
2-1: Fly out, F7 (Flyball, 78M)
Top of the 6th over - 0 runs, 0 hits, 0 errors, 0 left on base; Havana 8 - Tuscaloosa 6
BOTTOM OF THE 6TH
Tuscaloosa Trout Slayers batting - Pitching for Havana Rollers : LHP Dave Miller
Batting: LHB Marcos Villarreal 0-0: Ball
1-0: Fly out, F6 (Popup, 6)
Batting: LHB Ed Hart 0-0: Ball
1-0: Called Strike
1-1: Swinging Strike
1-2: Foul Ball, location: 2F
1-2: Ball
2-2: Strikes out swinging
Batting: RHB José Fernández 0-0: Ball
1-0: Swinging Strike
1-1: Called Strike
1-2: Foul Ball, location: 2F
1-2: Foul Ball, location: 2F
1-2: Foul Ball, location: 2F
1-2: Foul Ball, location: 2F
1-2: Ground out 6-3 (Groundball, 6MD)
Bottom of the 6th over - 0 runs, 0 hits, 0 errors, 0 left on base; Havana 8 - Tuscaloosa 6
TOP OF THE 7TH
Havana Rollers batting - Pitching for Tuscaloosa Trout Slayers : RHP Jimmy Bradley
Batting: RHB Paul Bailey 0-0: Called Strike
0-1: Foul Ball, location: 2F
0-2: Ground out 5-3 (Groundball, 56S)
Batting: RHB Bill Little 0-0: Called Strike
0-1: Foul Ball, location: 2F
0-2: Ball
1-2: Strikes out swinging
Batting: RHB Soshu Nakamura 0-0: Called Strike
0-1: Foul Ball, location: 2F
0-2: Ball
1-2: Strikes out swinging
Top of the 7th over - 0 runs, 0 hits, 0 errors, 0 left on base; Havana 8 - Tuscaloosa 6
BOTTOM OF THE 7TH
Tuscaloosa Trout Slayers batting - Pitching for Havana Rollers : LHP Dave Miller
Batting: LHB Pedro Juárez 0-0: Called Strike
0-1: Ball
1-1: Called Strike
1-2: Foul Ball, location: 2F
1-2: Ball
2-2: Ball
3-2: Fly out, F8 (Flyball, 8RS)
Batting: RHB Jason Saunders 0-0: SINGLE (Groundball, 4MD)
Batting: RHB Greg Lee 0-0: Called Strike
0-1: Fly out, F7 (Flyball, 7LSF)
Batting: LHB Eddy Jefferson 0-0: SINGLE (Groundball, 56D)
Jason Saunders to second
Batting: LHB Manuel Ortega 0-0: Foul Ball, location: 2F
0-1: Ball
1-1: Called Strike
1-2: Strikes out swinging
Bottom of the 7th over - 0 runs, 2 hits, 0 errors, 2 left on base; Havana 8 - Tuscaloosa 6
TOP OF THE 8TH
Havana Rollers batting - Pitching for Tuscaloosa Trout Slayers : RHP Jimmy Bradley
Batting: SHB Yasuhiro Ikarashi 0-0: Ball
1-0: SINGLE (Line Drive, 6M)
Pitching: LHP Dave Blackwell
Batting: LHB Jimmy Husted 0-0: Ball
1-0: Sac Bunt - play at first, batter OUT! 3-4
Yasuhiro Ikarashi to second
Batting: LHB Shiro Ueno 0-0: Ball
1-0: Called Strike
1-1: Foul Ball, location: 2F
1-2: Foul Ball, location: 2F
1-2: Ball
2-2: SINGLE (Flyball, 78M)
Yasuhiro Ikarashi to third
Runner from 3rd tries for Home, SAFE, no throw
Pitching: RHP Matt McGinnity
Batting: RHB Mitsuharu Matsumoto 0-0: Fly out, F7 (Line Drive, 78D)
Batting: RHB Ken MacDonald 0-0: Ball
1-0: Fielders Choice at 2nd, 6-4 (Groundball, 6)
Top of the 8th over - 1 run, 2 hits, 0 errors, 1 left on base; Havana 9 - Tuscaloosa 6
BOTTOM OF THE 8TH
Tuscaloosa Trout Slayers batting - Pitching for Havana Rollers : LHP Dave Miller
Pitching: RHP Fernando Castillo
Batting: RHB Pat Fullerton 0-0: Ball
1-0: Called Strike
1-1: Bunted foul
1-2: Fly out, F8 (Flyball, 78D)
Batting: LHB Marcos Villarreal 0-0: Foul Ball, location: 2F
0-1: Ball
1-1: Ball
2-1: Foul Ball, location: 2F
2-2: Foul Ball, location: 2F
2-2: Fly out, F8 (Line Drive, 8RM)
Batting: LHB Ed Hart 0-0: Ball
1-0: Foul Ball, location: 2F
1-1: Foul Ball, location: 2F
1-2: Ball
2-2: Strikes out swinging
Bottom of the 8th over - 0 runs, 0 hits, 0 errors, 0 left on base; Havana 9 - Tuscaloosa 6
TOP OF THE 9TH
Havana Rollers batting - Pitching for Tuscaloosa Trout Slayers : RHP Matt McGinnity
Batting: LHB Marvin Nichols 0-0: Called Strike
0-1: Ball
1-1: Called Strike
1-2: Fly out, F7 (Flyball, 7S)
Batting: RHB Paul Bailey 0-0: Ball
1-0: Called Strike
1-1: Foul Ball, location: 2F
1-2: Foul Ball, location: 2F
1-2: Foul Ball, location: 2F
1-2: Ground out 6-3 (Groundball, 6)
Batting: RHB Bill Little 0-0: Swinging Strike
0-1: Ball
1-1: Ball
2-1: Foul Ball, location: 2F
2-2: Foul Ball, location: 2F
2-2: Strikes out looking
Top of the 9th over - 0 runs, 0 hits, 0 errors, 0 left on base; Havana 9 - Tuscaloosa 6
BOTTOM OF THE 9TH
Tuscaloosa Trout Slayers batting - Pitching for Havana Rollers : RHP Fernando Castillo
Batting: RHB José Fernández 0-0: Ball
1-0: Ball
2-0: Foul Ball, location: 2F
2-1: Foul Ball, location: 2F
2-2: Foul Ball, location: 2F
2-2: Foul Ball, location: 2F
2-2: Ball
3-2: Foul Ball, location: 2F
3-2: Base on Balls
Batting: LHB Pedro Juárez 0-0: Ball
1-0: Called Strike
1-1: Ball
2-1: Fly out, F3 (Popup, 34S)
Batting: RHB Jason Saunders 0-0: Called Strike
0-1: Ball
Wild Pitch!
José Fernández to second
1-1: Ball
2-1: Called Strike
2-2: Fly out, F7 (Flyball, 7S)
Batting: RHB Greg Lee 0-0: Ground out 6-3 (Groundball, 6)
Bottom of the 9th over - 0 runs, 0 hits, 0 errors, 1 left on base; Havana 9 - Tuscaloosa 6
Saturday, April 7th, 2018 - OOTP Baseball 18.8 Build 76